AoeStats
← Heitzey

Arabia

503499522Analyzed
3v3 RM · 1mo ago on Aug 31, 2026· 44m 39s· 6 players
Game mode
Random Map
Map size
Normal (6 player)
Population
200
Speed
Normal
Resources
Standard
Victory
Conquest
Starting age
Dark Age
Ending age
Imperial Age
RankedLock teamsTeams togetherTeam positionsShared explorationLock speedFull tech treeHidden civsTurbo modeCheats
Victory
Defeat
🇨🇱 Malians · Chile
938
+16
🇺🇸 Mongols · United States
904
+18
🇧🇷 Huns · Brazil
799
+22
🇧🇷 Goths · Brazil
1035
-23
🇧🇷 Franks · Brazil
973
-60
🇧🇷 Maya · Brazil
811
-13
Kadojc
2:39 Loom
10:45 Feudal Age
11:17 Double-Bit Axe
13:48 Horse Collar
22:05 Castle Age
20:48 Scale Barding Armor
23:19 Bow Saw
23:33 Fletching
26:37 Forging
26:40 Heavy Plow
26:52 Bodkin Arrow
27:04 Gold Mining
29:01 Wheelbarrow
28:28 Stone Mining
29:51 Padded Archer Armor
30:54 Hand Cart
39:02 Husbandry
38:35 Crossbowman
39:20 Thumb Ring
40:14 Chain Barding Armor
45:56 Imperial Age
44:24 Iron Casting
43:37 Town Watch
Tesla
0:54 Loom
10:22 Feudal Age
11:11 Double-Bit Axe
11:23 Gold Mining
15:16 Horse Collar
17:47 Wheelbarrow
20:03 Castle Age
18:05 Stone Mining
19:13 Bloodlines
19:17 Town Watch
20:02 Forging
20:06 Scale Barding Armor
25:03 Heavy Plow
25:52 Town Watch
28:51 Ballistics
34:27 Imperial Age
34:28 Husbandry
35:04 Bow Saw
36:56 Conscription
36:16 Cavalier
38:07 Gold Shaft Mining
39:04 Hand Cart
40:50 Farimba
45:38 Iron Casting
_oLeeC TTV
10:05 Feudal Age
10:28 Loom
17:36 Double-Bit Axe
20:29 Castle Age
19:40 Fletching
22:20 Light Cavalry
23:44 Scale Barding Armor
23:50 Forging
30:13 Bloodlines
37:54 Horse Collar
39:33 Wheelbarrow
42:45 Iron Casting
42:31 Chain Barding Armor
44:58 Hand Cart
44:48 Heavy Plow
Heitzey
11:04 Feudal Age
11:53 Double-Bit Axe
18:08 Horse Collar
22:00 Castle Age
20:48 Gold Mining
22:13 Wheelbarrow
21:11 Man-at-Arms
22:23 Long Swordsman
23:38 Stone Mining
24:00 Bow Saw
24:07 Forging
28:52 Heavy Plow
32:38 Anarchy
36:22 Imperial Age
35:29 Murder Holes
SkiddySea5860
11:24 Feudal Age
12:33 Double-Bit Axe
30:10 Castle Age
28:57 Gold Mining
40:28 Stone Mining
Rocco
0:27 Loom
11:45 Feudal Age
15:17 Double-Bit Axe
17:46 Fletching
22:23 Padded Archer Armor
27:42 Castle Age
28:44 Squires
28:05 Crossbowman
28:30 Pikeman
29:18 Thumb Ring
30:39 Bodkin Arrow
31:00 Leather Archer Armor
Connection lost

Rejoining the realm…

Still unreachable

The connection could not be restored.

Session expired

The server has moved on; the page needs a fresh start.